Map: Ephemeron LE

Players

Maru - Winner!

  • Race: Terran Terran
  • Spawn Location: 11:00

Rogue

  • Race: Zerg Zerg
  • Spawn Location: 5:00

Event: IEM Katowice 2020

VOD

Have the link to the VOD?

Description

Time

  • Played on: March 1, 2020, 5:55 a.m.
  • Length: 8:04

All games in this series

Show
View Real Time Build Order
Export as new Build Order

Maru Terran - Winner!

Build Orders: Liberator Opening, Reaper Expand 

Get SALT Encoding   

  12  0:00  SCV  
  13  0:12  SCV  
  14  0:17  Supply Depot  
  14  0:24  SCV  
  15  0:38  SCV  
  15  0:39  Barracks  
  16  0:43  Refinery  
  16  0:50  SCV  
  17  1:02  SCV  
  18  1:15  SCV  
  19  1:26  Reaper  
  19  1:27  Orbital Command  
  20  1:39  Command Center  
  20  1:52  SCV  
  20  1:53  Supply Depot  
  21  1:58  Marine  
  22  2:04  SCV  
  23  2:14  Factory  
  23  2:16  SCV  
  23  2:21  Engineering Bay  
  24  2:22  Barracks Reactor  
  24  2:27  Refinery  
  24  2:28  SCV  
  25  2:40  SCV  
  26  2:52  SCV  
  27  3:03  Starport  
  27  3:05  SCV  
  28  3:07  Hellion, Orbital Command  
  28  3:08  Hellion  
  32  3:17  SCV  
  33  3:22  Barracks Tech Lab  
  33  3:29  SCV, Hellion  
  33  3:30  Hellion  
  33  3:31  Supply Depot  
  39  3:34  SCV  
  39  3:39  Liberator  
  39  3:41  SCV  
  43  3:46  SCV  
  44  3:50  Hellion  
  44  3:52  Hellion  
  44  3:55  SCV  
  49  3:56  Supply Depot  
  49  3:58  SCV  
  50  4:03  Stimpack, Marine  
  51  4:12  Hellion  
  53  4:18  Hellion  
  53  4:19  Command Center  
  53  4:21  SCV  
  53  4:23  SCV  
  57  4:33  SCV, Supply Depot  
  57  4:35  SCV  
  59  4:41  Barracks  
  59  4:42  Barracks  
  59  4:45  SCV  
  60  4:47  SCV, Marine  
  60  4:49  Factory Reactor  
  62  4:55  Engineering Bay  
  62  4:56  Engineering Bay  
  62  4:57  SCV  
  63  5:00  Starport Reactor  
  63  5:02  SCV  
  63  5:05  Marine  
  63  5:09  SCV  
  59  5:14  SCV  
  53  5:22  SCV  
  53  5:24  Marine  
  53  5:26  SCV  
  53  5:27  Terran Infantry Weapons Level 1, Terran Infantry Armor Level 1  
  50  5:31  Orbital Command, Barracks  
  50  5:32  Barracks  
  50  5:35  Refinery  
  50  5:36  Factory Reactor  
  50  5:37  Medivac  
  50  5:39  Medivac  
  50  5:41  Marine  
  50  5:42  Marine x2  
  57  5:43  Marine  
  57  5:44  Marine  
  57  5:48  Combat Shield  
  59  5:51  SCV x2  
  61  5:57  Supply Depot  
  61  5:59  Marine  
  61  6:00  Marine x2  
  61  6:01  Marine  
  61  6:02  Marine  
  66  6:05  SCV  
  66  6:09  Orbital Command  
  66  6:10  Medivac  
  69  6:13  Hellion x2  
  69  6:16  Refinery  
  69  6:17  Marine  
  69  6:18  Marine x2  
  74  6:19  SCV x2, Armory, Marine  
  74  6:23  Barracks Reactor  
  79  6:28  Barracks Reactor  
  79  6:29  Marine  
  79  6:31  SCV  
  81  6:33  SCV  
  81  6:35  SCV, Marine  
  81  6:36  Marine  
  81  6:38  Supply Depot  
  85  6:41  Marine x2  
  85  6:43  SCV  
  85  6:44  Hellion  
  85  6:45  SCV  
  90  6:47  SCV, Marine  
  90  6:49  Hellion  
  90  6:53  Marine  
  93  6:57  Supply Depot  
  93  6:59  SCV, Marine x2  
  91  7:06  Marine x6  
  91  7:07  Medivac x2  
  101  7:11  Orbital Command  
  101  7:19  SCV x3  
  101  7:22  Marine  
  104  7:23  Marine x2  
  104  7:24  Marine x2  
  104  7:28  Hellion  
  109  7:44  Marine x3  
  109  7:45  Marine  
  109  7:51  Supply Depot  
Show
View Real Time Build Order
Export as new Build Order

Rogue Zerg 

Build Orders: Hatch First 

Get SALT Encoding   

  12  0:00  Drone  
  13  0:12  Overlord  
  13  0:16  Drone  
  14  0:30  Drone  
  14  0:31  Drone  
  16  0:47  Hatchery  
  15  0:50  Drone  
  15  0:54  Drone  
  15  0:57  Drone  
  18  1:09  Extractor  
  17  1:12  Spawning Pool  
  17  1:15  Drone  
  17  1:19  Drone  
  18  1:28  Drone  
  19  1:39  Drone  
  20  1:52  Drone  
  21  1:59  Queen  
  21  2:00  Queen  
  21  2:01  Zergling x4  
  27  2:10  Overlord  
  27  2:11  Drone  
  28  2:20  Extractor  
  28  2:21  Drone  
  28  2:29  Drone  
  30  2:31  Drone  
  30  2:33  Drone  
  32  2:38  Queen  
  32  2:41  Metabolic Boost  
  34  2:44  Overlord  
  34  2:46  Drone  
  35  2:53  Drone  
  35  2:58  Drone  
  35  3:05  Drone x2  
  37  3:14  Drone x6  
  43  3:20  Zergling x2, Overlord  
  43  3:24  Hatchery  
  42  3:30  Overlord  
  42  3:31  Drone  
  43  3:41  Drone x2  
  43  3:48  Queen x2  
  45  3:49  Drone x5  
  45  3:50  Drone  
  55  3:58  Zergling x2  
  55  3:59  Zergling x2  
  57  4:07  Overlord  
  57  4:09  Evolution Chamber x2, Drone  
  56  4:17  Overlord  
  56  4:21  Drone x4, Extractor  
  59  4:27  Drone x2  
  59  4:28  Drone  
  59  4:29  Queen  
  64  4:34  Spore Crawler  
  64  4:35  Spore Crawler  
  64  4:36  Zerg Ground Armor Level 1  
  64  4:37  Queen  
  64  4:38  Drone  
  65  4:40  Zerg Melee Weapons Level 1  
  65  4:43  Drone  
  65  4:44  Drone  
  67  4:50  Zergling x6  
  70  4:54  Overlord, Spore Crawler  
  70  4:58  Zergling x6  
  72  5:04  Zergling x8  
  72  5:13  Zergling x2  
  67  5:20  Drone x3  
  62  5:22  Lair  
  62  5:26  Drone  
  62  5:29  Drone x2  
  62  5:31  Drone x2  
  62  5:32  Drone  
  67  5:42  Drone x3  
  70  5:50  Extractor  
  70  5:53  Drone x3  
  70  5:54  Drone  
  70  5:56  Drone  
  74  5:58  Drone  
  74  6:00  Baneling Nest  
  74  6:01  Drone  
  75  6:04  Drone  
  75  6:06  Overlord  
  75  6:09  Hatchery  
  75  6:13  Drone x2  
  77  6:18  Drone x2  
  77  6:20  Overlord  
  79  6:26  Zergling x10  
  79  6:27  Zergling x2  
  79  6:29  Overlord  
  79  6:32  Hatchery  
  84  6:38  Zergling x8  
  84  6:39  Zergling x2  
  89  6:45  Zergling x4  
  89  6:46  Zergling x4  
  93  6:47  Zergling x2  
  93  6:50  Zergling x4  
  96  6:56  Drone  
  96  6:58  Drone  
  98  7:01  Drone  
  98  7:08  Overlord  
  98  7:14  Baneling x3  
  98  7:15  Baneling  
  98  7:17  Hatchery  
  98  7:18  Overlord x3  
  93  7:33  Zergling x24  
  103  7:37  Zergling x2  
  103  7:39  Zergling x2  
  95  7:46  Drone  

Tags
 
Add a new tag
Caveats
  • Supply blocks, unpowered buildings, or Contaminate may cause inaccurate times.
  • Supply counts are checked every 10 seconds.